 Dungeon Sprint DCSS version 0.27-a0-1196-g3e9cee4cb2 (webtiles) character file.

Game seed: 13557533999543136690

7886 mhtbhm the Eclecticist (level 11, -4/70 HPs)
             Began as a Djinni Fire Elementalist on May 28, 2021.
             Was the Champion of Qazlal.
             Slain by a 12-headed hydra (14 damage)
             ... while paralysed by a floating eye
             ... in the Dungeon (Sprint I: "Red Sonja").
             The game lasted 00:09:39 (3193 turns).

mhtbhm the Eclecticist (Djinni Fire Elementalist)   Turns: 3193, Time: 00:09:40

Health: -4/70      AC:  6    Str:  7    XL:     11   Next: 45%
Gold:   809        EV:  2    Int: 19    God:    Qazlal [******] SH:  0 Dex: 15

rFire    + + .     SeeInvis .   (no weapon)
rCold    x . .     Faith    .   (no shield)
rNeg     . . .     Spirit   .   a - +1 robe {Will+}
rPois    ∞         Reflect  .   (no helmet)
rElec    .         Harm     .   (no cloak)
rCorr    .         Rampage  .   (no gloves)
Will     ++...     NoTele   +   (boots unavailable)
Stlth    +.........             (no amulet)
HPRegen  0.21/turn              (no ring)
MPRegen  0.00/turn              (no ring)

@: paralysed, protected from physical damage, flying, repel missiles
A: sickness immunity, fire resistance 2, cold vulnerability 1, float, innate
caster, hp casting, extra vitality 1
a: Renounce Religion, Upheaval, Elemental Force, Disaster Area


You were in the Dungeon.
You worshipped Qazlal.
Qazlal was exalted by your worship.
You visited 1 branch You collected 1424 gold pieces.
You spent 615 gold pieces at shops.

Inventory:

Missiles
 h - 4 curare-tipped darts (quivered)
Armour
 a - a +1 robe of willpower (worn)
 m - the +2 pair of gloves of an ice cave {Str-4 Dex+5}
   (You bought it in a shop in the Dungeon)

   It affects your strength (-4).
   It affects your dexterity (+5).
 o - a scarf of harm
Wands
 b - a wand of digging (5)
 c - a wand of polymorph (2)
Scrolls
 g - a scroll of blinking
Potions
 e - a potion of attraction
 f - a potion of berserk rage
 i - 3 potions of mutation
 k - 4 potions of curing
 n - a potion of heal wounds
Miscellaneous
 d - a phantom mirror
 l - a condenser vane (inert)


   Skills:
 + Level 2.6 Fighting
 + Level 1.1 Throwing
 + Level 9.8 Dodging
 + Level 7.0 Stealth
 + Level 0.1 Shields
 + Level 17.6 Spellcasting
 + Level 1.0 Invocations
 + Level 1.0 Evocations


You had 15 spell levels left.
You knew the following spells:

 Your Spells              Type           Power      Damage    Failure   Level
a - Foxfire               Conj/Fire      100%       2x1d9     0%          1
b - Conjure Flame         Conj/Fire      70%        6-21      0%          3
c - Inner Flame           Hex/Fire       70%        N/A       0%          3
d - Sticky Flame          Conj/Fire      70%        2d8       1%          4
e - Fireball              Conj/Fire      35%        3d15      1%          5
f - Summon Small Mammal   Summ           100%       N/A       0%          1
g - Corpse Rot            Necr/Air       N/A        N/A       0%          2
h - Slow                  Hex            70%        N/A       0%          2
i - Passage of Golubria   Tloc           N/A        N/A       1%          4
j - Iskenderun's Battles  Conj           70%        2d12      1%          5
Your spell library was empty.

Dungeon Overview and Level Annotations

Branches:
Dungeon (1/1)

Altars:
Cheibriados
Dithmenos
Elyvilon
Fedhas
Gozag
Hepliaklqana
Kikubaaqudgha
Makhleb
Nemelex Xobeh
Okawaru
Qazlal
Ru
Sif Muna
Trog
Uskayaw
Vehumet
Wu Jian
Xom
Yredelemnul
Zin
The Shining One
Jiyva
Lugonu

Shops:
D (([!*[!![(*=!*[[[


Innate Abilities, Weirdness & Mutations

You are immune to sickness and miasma.
You are immune to poison.
Your flesh is very heat resistant. (rF++)
You are vulnerable to cold. (rC-)
You float through the air rather than walking.
You learn spells naturally, not from books.
Your magical power is your life essence.
You have superior vitality. (+4 HP)


Message History

A hydra and a floating eye come into view.
The 12-headed hydra roars!
The floating eye turns its gaze towards you.
Found 54 gold pieces.
Unknown command.
Casting: Sticky Flame (safe; 1% risk of failure)
Confirm with . or Enter, or press ? or * to list all spells.
Okay, then.
Okay, then.
Clouds of thunder condense around you!
The condenser dries out!
The 12-headed hydra closely misses you. You block the 12-headed hydra's attack.
The 12-headed hydra bites you! The 12-headed hydra closely misses you.
The 12-headed hydra misses you. The 12-headed hydra bites you.
You feel protected from physical attacks.
You block the 12-headed hydra's attack. The 12-headed hydra misses you.
The 12-headed hydra bites you but does no damage.
The 12-headed hydra misses you. The 12-headed hydra closely misses you.
The 12-headed hydra misses you.
The floating eye is struck by lightning.
The floating eye's stare focuses on you.
Unknown command.
Casting: Sticky Flame (safe; 1% risk of failure)
Confirm with . or Enter, or press ? or * to list all spells.
Aiming: Fireball (safe; 1% risk of failure)
Press: ? - help, Shift-Dir - straight line, f - 12-headed hydra
Aim: a 12-headed hydra (thunder)
Okay, then.
Unknown command.
Okay, then.
The 12-headed hydra is struck by lightning.
The floating eye gazes piercingly through you!
You suddenly lose the ability to move!
The 12-headed hydra bites you.
The 12-headed hydra bites you but does no damage.
The 12-headed hydra bites you! The 12-headed hydra barely misses you.
The 12-headed hydra bites you. The 12-headed hydra bites you! x2
* * * LOW HITPOINT WARNING * * *
The 12-headed hydra bites you but does no damage.
The 12-headed hydra bites you!
You die...

######################
..).§§.§§..'§§§§@DG§§#
).§##+#§####§§§§○##§§+
...+ #.# ##.§§## ##
#### +.# ###+# .§# ###
.§# §§# #§### #.'.#


You could see a 12-headed hydra and a floating eye.

Vanquished Creatures
  2 centaur warriors (D)
  Sonja (D)
  A deep troll (D)
  An oklob plant (D)
  2 unseen horrors (D)
  2 kobold demonologists (D)
  A queen bee (D)
  A slime creature (D)
  A hornet (D)
  Sigmund (D)
  2 redbacks (D)
  12 hogs (D)
  A yak (D)
  2 floating eyes (D)
  7 necrophages (D)
  An ogre (D)
  8 jellies (D)
  Ijyb (D)
47 creatures vanquished.

Vanquished Creatures (collateral kills)
  A hog (D)
1 creature vanquished.

Vanquished Creatures (others)
  A gargoyle (D)
  2 ballistomycete spores (D)
  42 foxfires (D)
45 creatures vanquished.

Grand Total: 93 creatures vanquished

Notes
Turn   | Place    | Note
-------+----------+-------------------------------------------
     0 | D        | mhtbhm the Djinni Fire Elementalist began the quest for the
                  | Orb.
     0 | D        | Reached XP level 1. HP: 15/15 MP: 0/0
     2 | D        | Noticed Ijyb
    15 | D        | Killed Ijyb
    16 | D        | Reached skill level 4 in Spellcasting
    16 | D        | Reached XP level 2. HP: 9/21 MP: 0/0
    16 | D        | Reached XP level 3. HP: 11/25 MP: 0/0
    16 | D        | Learned a level 1 spell: Summon Small Mammal
   193 | D        | Noticed an ogre
   208 | D        | Killed an ogre
   209 | D        | Reached skill level 6 in Spellcasting
   209 | D        | Reached XP level 4. HP: 25/31 MP: 0/0
   209 | D        | Reached XP level 5. HP: 28/35 MP: 0/0
   209 | D        | Learned a level 2 spell: Corpse Rot
   295 | D        | Noticed Sigmund
   301 | D        | Killed Sigmund
   302 | D        | Reached skill level 5 in Dodging
   302 | D        | Reached skill level 8 in Spellcasting
   302 | D        | Reached XP level 6. HP: 30/41 MP: 0/0
   410 | D        | Found an ornate altar of the Wu Jian Council.
   413 | D        | Reached skill level 9 in Spellcasting
   478 | D        | Found Leze's Weapon Emporium.
   478 | D        | Found a hazy altar of Hepliaklqana.
   478 | D        | Found a stormy altar of Qazlal.
   478 | D        | Found a hide-covered altar of Uskayaw.
   478 | D        | Found a blossoming altar of Fedhas.
   478 | D        | Found a bloodstained altar of Trog.
   478 | D        | Found an iron altar of Okawaru.
   478 | D        | Found a basalt altar of Yredelemnul.
   478 | D        | Found a glowing golden altar of the Shining One.
   478 | D        | Found a snail-covered altar of Cheibriados.
   478 | D        | Found a sacrificial altar of Ru.
   478 | D        | Found a glowing silver altar of Zin.
   478 | D        | Found a shadowy altar of Dithmenos.
   478 | D        | Found a white marble altar of Elyvilon.
   478 | D        | Noticed a yak
   488 | D        | Killed a yak
   489 | D        | Reached skill level 10 in Spellcasting
   489 | D        | Reached XP level 7. HP: 30/46 MP: 0/0
   489 | D        | Learned a level 2 spell: Slow
   602 | D        | Found an opulent altar of Gozag.
   603 | D        | Found a sparkling altar of Nemelex Xobeh.
   650 | D        | Became a worshipper of Qazlal Stormbringer
   661 | D        | Noticed Sonja
   667 | D        | Killed Sonja
   668 | D        | Reached skill level 1 in Fighting
   668 | D        | Reached skill level 5 in Stealth
   668 | D        | Reached skill level 11 in Spellcasting
   668 | D        | Reached XP level 8. HP: 35/52 MP: 0/0
   790 | D        | Found Olilur's Weapon Boutique.
   810 | D        | Noticed a deep troll
   823 | D        | Killed a deep troll
   824 | D        | Reached skill level 12 in Spellcasting
   824 | D        | Reached XP level 9. HP: 30/57 MP: 0/0
   824 | D        | Learned a level 4 spell: Passage of Golubria
   992 | D        | Found Lurphuses's Armour Emporium.
   998 | D        | Identified the +4 ring mail "Ewolu" {Rampage Str+3}
  1007 | D        | Killed a gargoyle
  1084 | D        | Found a burning altar of Makhleb.
  1084 | D        | Found a viscous altar of Jiyva.
  1084 | D        | Found a shimmering altar of Xom.
  1084 | D        | Found a corrupted altar of Lugonu.
  1084 | D        | Noticed a slime creature
  1089 | D        | Killed a slime creature
  1089 | D        | Reached * piety under Qazlal
  1090 | D        | Reached skill level 13 in Spellcasting
  1209 | D        | Noticed a kobold demonologist
  1210 | D        | Noticed a kobold demonologist
  1211 | D        | Killed a kobold demonologist
  1212 | D        | Killed a kobold demonologist
  1212 | D        | Reached ** piety under Qazlal
  1213 | D        | Reached skill level 14 in Spellcasting
  1313 | D        | Noticed a centaur warrior
  1314 | D        | Noticed a centaur warrior
  1316 | D        | Killed a centaur warrior
  1317 | D        | Reached XP level 10. HP: 23/63 MP: 0/0
  1318 | D        | Killed a centaur warrior
  1319 | D        | Reached skill level 15 in Spellcasting
  1667 | D        | Noticed an oklob plant
  1671 | D        | Killed an oklob plant
  1671 | D        | Reached *** piety under Qazlal
  1932 | D        | Noticed an unseen horror
  1936 | D        | Killed an unseen horror
  1937 | D        | Reached skill level 16 in Spellcasting
  1951 | D        | Noticed an unseen horror
  1953 | D        | Killed an unseen horror
  1953 | D        | Reached **** piety under Qazlal
  2109 | D        | Reached ***** piety under Qazlal
  2113 | D        | Reached XP level 11. HP: 43/68 MP: 0/0
  2113 | D        | Learned a level 5 spell: Iskenderun's Battlesphere
  2358 | D        | Identified the +5 ring mail of the Orb Guardian {*Slow
                  | rElec Int+6}
  2372 | D        | Found Bapathr Qono's Distillery.
  2372 | D        | Found Meumil's Armour Shop.
  2372 | D        | Found Ixus's Assorted Antiques.
  2374 | D        | Found Qeqiqeff's Armour Emporium.
  2374 | D        | Found Huranivone's Distillery.
  2374 | D        | Found Kovough's Distillery.
  2374 | D        | Found Rapriokh's Antique Armour Boutique.
  2374 | D        | Found Zoyxyodgh's Weapon Emporium.
  2374 | D        | Found Irrun's Assorted Antiques.
  2374 | D        | Found Ytost's Jewellery Shoppe.
  2378 | D        | Found Parral's Distillery.
  2379 | D        | Found Pihyga's Armour Emporium.
  2379 | D        | Found Vesic Ucwe's General Store.
  2380 | D        | Found Yxzaz's Antique Armour Emporium.
  2382 | D        | Bought a pair of warped gloves for 180 gold pieces
  2382 | D        | Identified the +2 pair of gloves of an ice cave {Str-4
                  | Dex+5} (You bought it in a shop in the Dungeon)
  2390 | D        | Bought a potion of heal wounds for 65 gold pieces
  2390 | D        | Bought a potion of heal wounds for 65 gold pieces
  2390 | D        | Bought a potion of heal wounds for 65 gold pieces
  2393 | D        | Bought a runed scarf for 240 gold pieces
  2456 | D        | Noticed a lindwurm
  2466 | D        | a lindwurm changed into a queen bee
  2686 | D        | Reached ****** piety under Qazlal
  2687 | D        | Reached skill level 17 in Spellcasting
  2726 | D        | Reached skill level 1 in Throwing
  2839 | D        | Reached skill level 1 in Evocations
  2971 | D        | Reached skill level 1 in Invocations
  3190 | D        | Noticed a 12-headed hydra
  3192 | D        | Paralysed by a floating eye for 2 turns
  3193 | D        | Slain by a 12-headed hydra

Illustrated notes

Levels and vault maps discovered:
D:        dungeon_sprint_1 [red_sonja_temple_1, red_sonja_temple_small_1]

Skill      XL: |  1  2  3  4  5  6  7  8  9 10 11 |
---------------+----------------------------------+-----
Dodging        | 3 4 5 7 8 9 |  9.8
Stealth        | 2 3 4 5 6 7 |  7.0
Spellcasting   | 4 6 8 10 11 12 14 16 17 | 17.6
Fighting       | 1 2 |  2.6
Throwing       | 1 |  1.1
Evocations     | 1 |  1.0
Invocations    | 1 |  1.0
Shields        | |  0.1

Action                   |  1- 3 |  4- 6 |  7- 9 | 10-12 || total
-------------------------+-------+-------+-------+-------++-------
Melee: Unarmed           |       |       |       |     4 ||     4
Throw: Dart              |       |       |       |     4 ||     4
 Cast: Foxfire           |    17 |     2 |       |     4 ||    23
       Fireball          |       |     2 |    15 |    24 ||    41
       Sticky Flame      |       |     2 |     2 |    26 ||    30
       Slow              |       |       |     3 |     3 ||     6
Invok: Elemental Force   |       |       |       |     1 ||     1
Evoke: Wand              |       |       |       |     2 ||     2
       Condenser vane    |       |       |       |     2 ||     2
  Use: Potion            |     2 |       |       |     3 ||     5
       Scroll            |       |       |       |     2 ||     2
Armor: Robe              |       |       |       |     8 ||     8
Dodge: Dodged            |     4 |     2 |     4 |    33 ||    43
       Repelled          |       |       |       |     1 ||     1
Block: Other             |       |       |       |    10 ||    10

Table legend: (Time is in decaauts)
 A = Elapsed time spent in this place.
 B = Non-inter-level travel time spent in this place.
 C = Inter-level travel time spent in this place.
 D = Time resting spent in this place.
 E = Time spent auto-exploring this place.
 F = Levels seen in this place.
 G = Mean time per level.
                   A        B        C        D        E       F      G
               +--------+--------+--------+--------+--------+-----+--------+
         Total |   3175 |   3175 |      0 |   2313 |      0 |   1 | 3175.0 |
       Dungeon |   3175 |   3175 |      0 |   2313 |      0 |   1 | 3175.0 |
               +--------+--------+--------+--------+--------+-----+--------+

Top non-repeatable levels by time:
       D: 3175 daAuts
